Map: Solaris LE

Players

LiquidCure (Cure)

  • Race: Terran Terran
  • League: Master
  • Spawn Location: 1:00

Bunny - Winner!

  • Race: Terran Terran
  • Spawn Location: 7:00

Event: IEM Katowice 2024

VOD

Have the link to the VOD?

Description

Time

  • Played on: Dec. 6, 2023, 5:17 a.m.
  • Length: 12:28

All games in this series

Show
View Real Time Build Order
Export as new Build Order

LiquidCure Terran 

Build Orders: Cyclone Opening 

Get SALT Encoding   

  12  0:00  SCV  
  13  0:12  SCV  
  14  0:17  Supply Depot  
  14  0:24  SCV  
  15  0:38  SCV  
  15  0:41  Barracks  
  15  0:42  Refinery  
  16  0:50  SCV  
  16  0:52  Refinery  
  17  1:02  SCV  
  18  1:15  SCV  
  19  1:27  Orbital Command, Reaper  
  19  1:31  Supply Depot  
  20  1:40  Factory  
  20  1:53  SCV  
  21  1:59  Reaper  
  22  2:05  SCV  
  23  2:16  Command Center  
  23  2:17  SCV  
  24  2:25  Cyclone  
  24  2:29  SCV  
  27  2:32  Barracks Reactor  
  27  2:39  Supply Depot  
  27  2:41  SCV  
  28  2:46  Starport  
  28  2:53  SCV  
  28  2:58  Cyclone  
  31  3:06  SCV  
  31  3:09  Marine x2  
  34  3:15  Refinery  
  34  3:18  SCV  
  35  3:23  Medivac  
  37  3:27  Orbital Command  
  37  3:30  SCV  
  38  3:36  Cyclone  
  38  3:38  Cyclone  
  42  3:42  SCV  
  42  3:43  Barracks Tech Lab  
  43  3:54  Liberator, Supply Depot  
  46  3:58  SCV  
  47  4:09  Cyclone  
  47  4:10  Cyclone  
  47  4:11  SCV  
  47  4:12  SCV  
  51  4:21  Supply Depot  
  51  4:23  SCV  
  52  4:24  SCV  
  53  4:33  Barracks Tech Lab  
  53  4:35  SCV  
  53  4:36  SCV  
  55  4:41  Cyclone  
  55  4:43  Cyclone  
  55  4:44  Raven  
  61  4:46  Interference Matrix  
  61  4:48  SCV x2  
  63  4:56  Supply Depot  
  63  5:01  SCV  
  63  5:02  SCV  
  63  5:04  Command Center  
  63  5:06  Marine  
  66  5:07  Stimpack  
  66  5:14  SCV  
  63  5:25  Cyclone x2  
  60  5:28  SCV x2  
  60  5:30  Raven  
  60  5:31  Marine  
  65  5:39  Refinery  
  65  5:40  Barracks, SCV x2  
  65  5:41  Barracks  
  67  5:48  Marine  
  68  5:52  SCV  
  68  5:53  SCV  
  70  5:57  Engineering Bay  
  70  5:58  Engineering Bay  
  70  6:05  SCV x2  
  70  6:06  Marine  
  73  6:12  Siege Tank  
  73  6:14  Barracks, Starport Reactor  
  73  6:16  Orbital Command  
  73  6:17  SCV x2  
  73  6:18  Barracks  
  78  6:23  Terran Infantry Weapons Level 1  
  78  6:24  Marine  
  79  6:26  Terran Infantry Armor Level 1, Supply Depot  
  79  6:30  SCV x2  
  79  6:31  Barracks Reactor  
  81  6:35  Orbital Command  
  81  6:41  Marine x2  
  81  6:42  Marine  
  81  6:45  SCV x2  
  86  6:49  Siege Tank  
  86  6:53  Supply Depot  
  89  6:54  Supply Depot  
  89  6:57  SCV x2  
  89  6:59  Marine x2  
  89  7:00  Medivac x2, Marine  
  98  7:01  Barracks Reactor  
  98  7:04  SCV  
  98  7:05  Barracks Reactor  
  98  7:08  Marine x2  
  101  7:10  SCV x2  
  100  7:17  Supply Depot x2, Marine x2  
  100  7:18  SCV, Marine  
  100  7:19  Combat Shield  
  100  7:22  Siege Tank, SCV x2  
  109  7:28  Marine x2  
  111  7:30  SCV  
  111  7:34  SCV x2  
  111  7:35  Marine x2  
  110  7:42  Marine x2, SCV  
  110  7:43  Marine x2  
  112  7:46  SCV x2  
  112  7:47  Marine x3  
  114  7:52  Armory  
  114  7:53  Marine, Refinery x2  
  113  8:01  Marine x5  
  113  8:05  Marine x3, SCV x2  
  103  8:10  Marine  
  103  8:12  Siege Tank, Medivac  
  99  8:14  SCV  
  99  8:17  SCV x2  
  102  8:21  Medivac  
  102  8:25  Marine x3  
  102  8:26  Marine x5  
  112  8:28  Marine  
  112  8:30  SCV x2  
  112  8:31  SCV, Supply Depot  
  116  8:42  Terran Infantry Weapons Level 2, Sensor Tower  
  116  8:43  Marine x4  
  116  8:44  Marine  
  116  8:48  SCV x2  
  123  8:49  SCV  
  123  8:52  Supply Depot  
  123  8:54  Terran Infantry Armor Level 2, Supply Depot  
  124  8:55  Barracks Reactor  
  124  8:59  Siege Tank  
  127  9:04  Marine x6  
  127  9:06  Marine x2  
  135  9:15  Supply Depot  
  132  9:26  Command Center  
  131  9:31  Marine x2  
  131  9:32  Marine x8  
  131  9:37  Siege Tank  
  136  9:39  Medivac  
  133  9:49  Marine x4  
  133  9:50  Marine x6  
  130  9:56  SCV x3  
  133  10:01  Factory  
  133  10:05  Medivac  
  133  10:06  Refinery  
  133  10:07  Marine x5, Supply Depot  
  133  10:14  SCV x3  
  131  10:20  Marine x5  
  136  10:25  Marine x2  
  138  10:30  SCV x3  
  138  10:31  Siege Tank  
  143  10:40  Marine x2  
  143  10:41  Marine x2  
  133  10:44  Marine x4  
  133  10:45  Siege Tank  
  133  10:47  Marine x2  
  133  10:48  Starport Reactor  
  137  10:50  Orbital Command  
  134  11:00  Marine x4  
  134  11:02  Marine x2  
  129  11:10  Marine x4  
  125  11:13  Siege Tank  
  125  11:17  Marine  
  125  11:18  Marine x3  
  130  11:20  Marine  
  130  11:21  Supply Depot  
  130  11:23  Siege Tank, Marine  
  130  11:24  Supply Depot  
  130  11:25  Supply Depot  
  137  11:32  Marine x4  
  138  11:35  Marine x2  
  138  11:39  Refinery  
  139  11:41  Medivac  
  139  11:42  Medivac  
  139  11:45  Siege Tank  
  146  11:49  Marine x4  
  146  11:50  Marine x2  
  146  11:54  Marine x4  
  93  12:06  Marine  
Show
View Real Time Build Order
Export as new Build Order

Bunny Terran - Winner!

Build Orders: Gas First Reaper Expand 

Get SALT Encoding   

  12  0:00  SCV  
  13  0:12  SCV  
  14  0:17  Supply Depot  
  14  0:24  SCV  
  14  0:27  Refinery  
  15  0:39  SCV  
  16  0:44  Barracks  
  16  0:51  SCV  
  17  1:03  SCV  
  18  1:15  SCV  
  19  1:30  Orbital Command  
  19  1:31  Reaper  
  20  1:41  Command Center  
  20  1:52  Factory  
  20  1:56  SCV  
  21  2:02  Supply Depot  
  21  2:06  Barracks Reactor  
  21  2:09  SCV  
  22  2:16  Refinery  
  22  2:21  SCV  
  23  2:33  SCV  
  24  2:41  Starport  
  24  2:45  Hellion x2  
  24  2:46  SCV  
  28  2:53  Orbital Command  
  28  2:58  SCV  
  29  3:06  Cyclone  
  29  3:07  Cyclone  
  29  3:10  Barracks Tech Lab  
  29  3:11  SCV  
  34  3:18  SCV, Refinery  
  35  3:24  SCV  
  36  3:30  SCV  
  36  3:33  Raven  
  39  3:34  Supply Depot  
  39  3:38  SCV  
  40  3:41  Cyclone  
  40  3:43  SCV  
  40  3:47  Cyclone  
  45  3:50  SCV  
  45  3:54  Supply Depot  
  46  3:56  SCV  
  46  4:02  SCV  
  48  4:07  Raven  
  48  4:08  SCV  
  49  4:13  Cyclone  
  49  4:14  SCV  
  52  4:19  Cyclone  
  52  4:20  SCV  
  55  4:26  SCV  
  55  4:29  Interference Matrix  
  56  4:32  SCV  
  56  4:34  Command Center  
  58  4:38  SCV  
  58  4:42  Supply Depot  
  58  4:45  Cyclone, Supply Depot  
  61  4:54  Cyclone  
  61  4:56  Supply Depot  
  61  4:58  Barracks Tech Lab  
  62  5:03  Raven, SCV x2  
  66  5:08  Supply Depot  
  62  5:15  SCV x2  
  62  5:18  Cyclone  
  64  5:26  Cyclone  
  64  5:27  SCV x2  
  66  5:29  Stimpack  
  66  5:30  Barracks  
  64  5:36  Barracks, Marine  
  64  5:40  SCV x2  
  67  5:48  Orbital Command  
  67  5:51  Starport Reactor  
  67  5:52  SCV  
  67  5:53  SCV  
  69  6:05  Marine, SCV x2  
  69  6:06  Siege Tank  
  69  6:10  Engineering Bay  
  69  6:11  Engineering Bay  
  75  6:13  Orbital Command  
  75  6:16  Refinery  
  75  6:22  Barracks, SCV  
  75  6:23  SCV  
  77  6:26  Barracks  
  77  6:29  Marine x3  
  80  6:36  Supply Depot  
  80  6:37  Terran Infantry Weapons Level 1, SCV x2  
  82  6:41  Starport Reactor, Marine x2  
  82  6:46  Siege Tank  
  82  6:47  Marine x3  
  87  6:53  SCV x3  
  93  7:07  Supply Depot, SCV x3  
  94  7:12  Marine x4  
  94  7:13  Barracks Reactor, Combat Shield  
  94  7:14  Barracks Reactor, Marine  
  99  7:18  Siege Tank  
  99  7:19  SCV x3  
  99  7:21  Supply Depot  
  105  7:23  Medivac  
  106  7:32  Medivac  
  106  7:35  Marine x5  
  112  7:40  SCV x3  
  115  7:50  Terran Infantry Armor Level 1  
  115  7:51  Marine x4  
  115  7:52  Supply Depot  
  115  7:53  Supply Depot, Marine x5  
  115  7:54  Medivac  
  126  8:04  Siege Tank  
  115  8:09  Marine x4  
  115  8:10  Marine  
  115  8:11  Medivac, Marine x3  
  114  8:13  Marine  
  114  8:14  SCV x2  
  114  8:15  SCV  
  114  8:17  Refinery x2  
  118  8:21  Missile Turret  
  118  8:24  Missile Turret  
  118  8:27  Marine x4  
  118  8:28  Marine, Armory, Supply Depot  
  118  8:32  Marine x3  
  126  8:36  Siege Tank  
  126  8:39  Command Center  
  129  8:44  Marine x3  
  129  8:45  Marine x2  
  134  8:53  Supply Depot  
  134  8:54  Marine, Supply Depot  
  134  8:55  Marine x3  
  138  8:59  Medivac  
  138  9:00  Medivac  
  138  9:02  Marine x2  
  142  9:09  Siege Tank  
  146  9:11  Marine x3  
  146  9:12  Marine x4  
  153  9:17  Terran Infantry Weapons Level 2  
  153  9:20  Marine x2  
  153  9:22  Sensor Tower  
  155  9:29  Marine x3  
  155  9:30  Marine  
  157  9:33  Marine x3  
  157  9:38  Marine x2  
  154  9:41  Siege Tank  
  154  9:45  Medivac x2  
  150  9:47  Marine x3  
  150  9:48  Marine  
  150  9:51  Marine x3  
  156  9:54  SCV x3  
  156  9:55  Marine  
  156  9:56  Marine  
  156  9:59  Supply Depot  
  161  10:02  Terran Infantry Armor Level 2  
  161  10:03  Terran Vehicle Weapons Level 1  
  161  10:05  Marine x3  
  161  10:06  Marine  
  161  10:15  Siege Tank  
  161  10:20  Marine x4  
  165  10:21  Viking x2  
  165  10:27  Factory  
  170  10:28  SCV x2  
  170  10:29  SCV  
  170  10:33  Marine x5  
  174  10:38  Marine  
  161  10:44  Marine x3  
  161  10:47  Siege Tank  
  163  10:50  Marine  
  164  10:58  Marine x5  
  164  11:01  Marine  
  164  11:02  Marine x2  
  162  11:08  Marine  
  162  11:10  Planetary Fortress  
  155  11:15  Marine  
  155  11:16  Marine x3  
  159  11:19  Siege Tank, Factory Tech Lab  
  159  11:24  Missile Turret  
  159  11:25  Sensor Tower, Missile Turret  
  162  11:30  Marine x5  
  167  11:33  Marine  
  167  11:34  Marine x3  
  170  11:40  Siege Tank  
  170  11:42  Barracks x2  
  173  11:48  Marine x2  
  173  11:50  Marine x3  
  173  11:51  Marine x4  
  143  12:06  Marine x2  
  143  12:07  Marine  

Tags
 
Add a new tag
Caveats
  • Supply blocks, unpowered buildings, or Contaminate may cause inaccurate times.
  • Supply counts are checked every 10 seconds.